 Dungeon Crawl Stone Soup version 0.27-a0-808-g60bc5d92e6 (webtiles) character file.

Game seed: 15925891091679621049

62 sleeves the Slasher (level 3, 0/29 HPs)
             Began as a Demonspawn Fighter on Mar 28, 2021.
             Slain by a gnoll
             ... wielding a +2 halberd of flaming
              (13 damage)
             ... on level 2 of the Dungeon.
             The game lasted 00:02:25 (2301 turns).

sleeves the Slasher (Demonspawn Fighter)            Turns: 2301, Time: 00:02:26

Health: 0/29       AC:  5    Str: 16    XL:     3   Next: 85%
Magic:  3/3        EV: 10    Int: 10    God:
Gold:   67         SH:  0    Dex: 12    Spells: 2/2 levels left

rFire    . . .     SeeInvis .   j - +3 short sword
rCold    . . .     Faith    .   (no shield)
rNeg     . . .     Spirit   .   k - +0 ring mail
rPois    .         Reflect  .   (no helmet)
rElec    .         Harm     .   (no cloak)
rCorr    .         Rampage  .   (no gloves)
Will     .....                  (no boots)
Stlth    +.........             (no amulet)
HPRegen  0.09/turn              (no ring)
MPRegen  0.08/turn              (no ring)

@: no status effects
A: talons 1, powered by death 1
a: no special abilities


You were on level 2 of the Dungeon.
You visited 1 branch of the dungeon, and saw 2 of its levels.

You collected 67 gold pieces.

Inventory:

Hand Weapons
 a - a +0 long sword
 j - a +3 short sword (weapon)
   (You took it off a kobold on level 2 of the Dungeon)
Armour
 b - a +0 scale mail
 c - a +0 kite shield
 k - a +0 ring mail (worn)
   (You took it off a kobold on level 2 of the Dungeon)
Jewellery
 h - an amulet of guardian spirit
   (You found it on level 1 of the Dungeon)
Scrolls
 e - 2 scrolls of blinking {unknown}
 f - 3 scrolls of identify {unknown}
 i - a scroll of teleportation {unknown}
Potions
 d - 2 potions of might
 g - a potion of ambrosia {unknown}


   Skills:
 - Level 3.0 Fighting
 + Level 3.8 Long Blades
 - Level 2.6 Armour
 - Level 2.6 Shields


You had 2 spell levels left.
You didn't know any spells.
Your spell library was empty.

Dungeon Overview and Level Annotations

Branches:
Dungeon (2/15)

Altars:


Innate Abilities, Weirdness & Mutations

You have sharp toenails.
You regenerate a little health from kills.


Message History

Welcome, sleeves the Demonspawn Fighter.
Will you be the one to retrieve the fabulous Orb of Zot from the depths?
Press ? for a list of commands and other information.
Found a staircase leading out of the dungeon.
You start removing your armour.
You continue taking off your +0 kite shield. x4
You finish taking off your +0 kite shield.
You open the door.
There is an open door here.
Found a leather armour.
You see here a +0 leather armour.
There is a fountain of clear blue water here.
There is a fountain of clear blue water here.
You open the door.
There is an open door here.
A rat comes into view.
Found a scroll labelled BIJICS JUTAA.
A rat is nearby!
You hit the rat.
You kill the rat!
No target in view!
No target in view!
A frilled lizard comes into view.
You see here a rat corpse.
A frilled lizard is nearby!
A frilled lizard is nearby!
The frilled lizard bites you.
You miss the frilled lizard. The frilled lizard closely misses you.
You barely miss the frilled lizard.
The frilled lizard bites you but does no damage.
You slash the frilled lizard!
You kill the frilled lizard!
No target in view!
No target in view!
No target in view!
HP restored.
Found 22 bolts.
Found a stone staircase leading down.
e - a scroll labelled BIJICS JUTAA You see here a frilled lizard corpse.
There is a stone staircase leading down here.
You see here 22 bolts.
An endoplasm comes into view.
The endoplasm quivers.
You enter the shallow water.
Moving in this stuff is going to be slow.
The endoplasm barely misses you.
You riposte.
Your unstable footing causes you to fumble your attack.
Your unstable footing causes you to fumble your attack.
The endoplasm freezes you.
You are frozen.
The endoplasm freezes you.
You are frozen.
You hit the endoplasm.
The endoplasm is severely wounded.
The endoplasm hits you but does no damage.
You slash the endoplasm!
You kill the endoplasm!
Your Long Blades skill increases to level 2!
No target in view!
A bat comes into view.
A bat is nearby!
A bat is nearby!
The bat hits you but does no damage. x2
You hit the bat.
You kill the bat!
No target in view!
No target in view!
You open the door.
There is an open door here.
A quokka comes into view.
A quokka is nearby!
A quokka is nearby!
The quokka bites you but does no damage.
You hit the quokka.
The quokka is almost dead.
The quokka bites you.
The quokka bites you but does no damage.
You hit the quokka.
You kill the quokka!
No target in view!
No target in view!
No target in view!
No target in view!
No target in view!
A ball python comes into view.
The ball python hisses angrily.
A ball python is nearby!
A ball python is nearby!
You hit the ball python.
You kill the ball python!
No target in view!
No target in view!
No target in view!
No target in view!
No target in view!
No target in view!
No target in view!
No target in view!
Found 30 bolts.
You now have 14 gold pieces.
f - a scroll labelled SETY BELAADWY You open the door.
There is an open door here.
Found a spear.
No target in view!
No target in view!
You see here a +0 spear.
f - 2 scrolls labelled SETY BELAADWY (gained 1)
A goblin comes into view. It is wielding a +0 club.
The goblin shouts!
A goblin is nearby!
Found a stone staircase leading down.
The goblin closely misses you.
You hit the goblin.
You kill the goblin!
You open the door.
There is an open door here.
A goblin comes into view. It is wielding a +0 club.
The goblin shouts!
You see here an inky potion.
A goblin is nearby!
A goblin is nearby!
A ball python comes into view.
The ball python hisses angrily.
The goblin hits you but does no damage.
Found a thin ruby amulet.
You hit the goblin.
The goblin is heavily wounded.
The goblin barely misses you.
The ball python bites you but does no damage.
The ball python grabs you. The ball python constricts you.
You slash the ball python!
You kill the ball python!
The goblin hits you but does no damage.
You barely miss the goblin.
The goblin is heavily wounded.
The goblin closely misses you.
You riposte.
You closely miss the goblin.
The goblin is heavily wounded.
The goblin barely misses you.
You closely miss the goblin.
The goblin is heavily wounded.
The goblin closely misses you.
You riposte.
You closely miss the goblin.
The goblin is heavily wounded.
You hit the goblin but do no damage.
The goblin is heavily wounded.
The goblin hits you with a +0 club.
You slash the goblin!
You kill the goblin!
You have reached level 2!
Your demonic ancestry asserts itself...
A wave of death washes over you.
Things that are here:
a +0 club; a goblin corpse
g - an inky potion
h - an amulet of guardian spirit No target in view!
No target in view!
You now have 25 gold pieces (gained 11).
You open the door.
There is an open door here.
Found a stone staircase leading down.
You open the door.
There is an open door here.
You open the door.
There is an open door here.
As you open the door, it creaks loudly!
A hobgoblin comes into view.
The hobgoblin shouts!
A hobgoblin is nearby!
There is an open door here.
You hit the hobgoblin.
You kill the hobgoblin!
No target in view!
No target in view!
No target in view!
No target in view!
There is an open door here.
There is a fountain of clear blue water here.
There is an open door here.
You open the door.
There is an open door here.
You see here a +0 club.
There is a stone staircase leading down here.
A rat comes into view.
A rat is nearby!
A rat is nearby!
You hit the rat.
You kill the rat!
No target in view!
No target in view!
No target in view!
No target in view!
No target in view!
No target in view!
No target in view!
e - 2 scrolls labelled BIJICS JUTAA (gained 1)
You open the door.
There is an open door here.
A hobgoblin comes into view.
The hobgoblin shouts!
A hobgoblin is nearby!
A hobgoblin is nearby!
A hobgoblin is nearby!
The hobgoblin closely misses you.
You slash the hobgoblin!
You kill the hobgoblin!
No target in view!
No target in view!
No target in view!
No target in view!
No target in view!
No target in view!
There is an open door here.
As you open the door, it creaks loudly!
There is an open door here.
There is an open door here.
A hobgoblin comes into view.
A hobgoblin is nearby!
A hobgoblin is nearby!
A hobgoblin is nearby!
The hobgoblin hits you but does no damage.
You slash the hobgoblin!
You kill the hobgoblin!
No target in view!
No target in view!
No target in view!
No target in view!
No target in view!
No target in view!
No target in view!
Done exploring.
Done exploring.
Done exploring.
Done exploring.
No target in view!
(D) Dungeon
Where to? (? - help)
You enter the shallow water.
Moving in this stuff is going to be slow.
There is a stone staircase leading down here.
You climb downwards.
A hobgoblin comes into view.
The hobgoblin shouts!
Found a dagger and 4 gold pieces.
Found a stone staircase leading up.
There is a stone staircase leading up here.
A hobgoblin is nearby!
A hobgoblin is nearby!
You closely miss the hobgoblin. The hobgoblin hits you.
The hobgoblin hits you but does no damage.
You barely miss the hobgoblin. The hobgoblin barely misses you.
You riposte.
You closely miss the hobgoblin. You closely miss the hobgoblin.
The hobgoblin hits you but does no damage.
You hit the hobgoblin.
The hobgoblin is lightly wounded.
The hobgoblin hits you. x2
* * * LOW HITPOINT WARNING * * *
You are too injured to fight recklessly!
You are too injured to fight recklessly!
You are too injured to fight recklessly!
You are too injured to fight recklessly!
A hobgoblin is nearby!
A hobgoblin is nearby!
You aren't carrying any items that you can evoke.
You barely miss the hobgoblin.
The hobgoblin is lightly wounded.
The hobgoblin hits you.
* * * LOW HITPOINT WARNING * * *
You slash the hobgoblin!
You kill the hobgoblin!
You start resting.
A worm comes into view.
There is a stone staircase leading up here.
You climb upwards.
There is a stone staircase leading down here.
HP restored.
Done exploring.
There is a stone staircase leading down here.
You climb downwards.
A rat, an endoplasm and a kobold come into view.
The kobold shouts!
The endoplasm jiggles.
The rat bites you.
A rat comes into view.
The rat completely misses you.
The rat moves out of view.
Found 17 gold pieces.
There is a stone staircase leading up here.
There are monsters nearby!
There are monsters nearby!
You hit the rat.
You kill the rat!
Press: ? - help, v - describe, . - travel
Here: a kobold, wielding a +3 short sword The floor.
The endoplasm freezes you.
You are frozen.
You climb upwards.
There is a stone staircase leading down here.
You hit the endoplasm but do no damage.
The endoplasm hits you but does no damage.
You slash the endoplasm!
You kill the endoplasm!
You start resting.
HP restored.
There is a stone staircase leading down here.
You climb downwards.
There is a stone staircase leading up here.
You climb upwards.
There is a stone staircase leading down here.
Your scale mail prevents you from hitting the worm.
The worm bites you! The worm bites you.
* * * LOW HITPOINT WARNING * * *
There is an open door here.
You close the door.
You start resting.
HP restored.
You open the door.
There is an open door here.
There is a stone staircase leading down here.
You climb downwards.
There is a stone staircase leading up here.
You now have 29 gold pieces (gained 4).
As you open the door, it creaks loudly!
There is an open door here.
An endoplasm comes into view.
The endoplasm quivers.
You see here 12 gold pieces.
An endoplasm is nearby!
The endoplasm hits you but does no damage.
You slash the endoplasm!
You kill the endoplasm!
No target in view!
No target in view!
You now have 41 gold pieces (gained 12).
A bat comes into view.
A bat is nearby!
A bat is nearby!
The bat hits you but does no damage. The bat barely misses you.
You miss the bat. The bat barely misses you.
The bat hits you but does no damage.
You barely miss the bat. The bat hits you but does no damage.
You hit the bat.
You kill the bat!
No target in view!
As you open the door, it creaks loudly!
There is an open door here.
You open the door.
There is an open door here.
You open the door.
There is an open door here.
A goblin comes into view. It is wielding a +0 club.
The goblin shouts!
A goblin is nearby!
A goblin is nearby!
The goblin completely misses you.
You hit the goblin.
You kill the goblin!
Your Long Blades skill increases to level 3!
No target in view!
No target in view!
No target in view!
You see here a +0 club.
You now have 50 gold pieces (gained 9).
You open the door.
There is an open door here.
f - 3 scrolls labelled SETY BELAADWY (gained 1)
i - a scroll labelled BUEMYTR PIVUH
d - 2 potions of might (gained 1)
You open the door.
There is an open door here.
There is an open door here.
A rat is nearby!
A rat is nearby!
The rat bites you.
You closely miss the rat. The rat barely misses you.
You hit the rat.
You kill the rat!
No target in view!
No target in view!
HP restored.
You see here a rat corpse.
An endoplasm comes into view.
The endoplasm quivers.
An endoplasm is nearby!
An endoplasm is nearby!
The endoplasm barely misses you.
You slash the endoplasm!
You kill the endoplasm!
No target in view!
No target in view!
A giant cockroach comes into view.
A giant cockroach is nearby!
A giant cockroach is nearby!
A giant cockroach is nearby!
Found a stone staircase leading down.
You barely miss the giant cockroach.
The giant cockroach bites you but does no damage.
You hit the giant cockroach.
The giant cockroach is almost dead.
The giant cockroach completely misses you.
The giant cockroach bites you but does no damage.
You hit the giant cockroach.
You kill the giant cockroach!
No target in view!
There is a stone staircase leading up here.
You now have 67 gold pieces (gained 17).
Found a spear.
An adder comes into view.
The adder hisses angrily.
An adder is nearby!
Your scale mail prevents you from hitting the adder.
The adder barely misses you.
You slash the adder!
The adder is almost dead.
The adder bites you but does no damage. x2
You miss the adder.
The adder is almost dead.
The adder bites you but does no damage.
You hit the adder.
You kill the adder!
You have reached level 3!
Your experience leads to an increase in your attributes!
Increase (S)trength, (I)ntelligence, or (D)exterity?
You feel clever.
Your demonic ancestry asserts itself...
Your toenails lengthen and sharpen.
You see here an adder corpse.
Key pressed, stopping explore.
Found 18 bolts.
You see here 18 bolts.
You open the door. 2 gnolls come into view.
The gnoll shouts! x2; You hear a shout!
A gnoll comes into view. It is wielding a +2 halberd of flaming.
The gnoll shouts!
Found a flail.
There are monsters nearby!
There are monsters nearby!
A gnoll comes into view. It is wielding a +0 flail.
The gnoll shouts!
There is a stone staircase leading up here.
You climb upwards.
There is a stone staircase leading down here.
You slash the gnoll! Your kick misses the gnoll.
The gnoll is severely wounded.
The gnoll hits you with a +0 flail. The gnoll closely misses you.
You barely miss the gnoll.
The gnoll is severely wounded.
The gnoll barely misses you.
You closely miss the gnoll. You claw the gnoll.
The gnoll is almost dead.
The gnoll barely misses you.
You closely miss the gnoll.
The gnoll is almost dead.
The gnoll hits you but does no damage.
You hit the gnoll but do no damage.
The gnoll is almost dead.
The gnoll hits you with a +0 flail! x2
* * * LOW HITPOINT WARNING * * *
You are too injured to fight recklessly!
You slash the gnoll!
You kill the gnoll!
Things that are here:
a +0 flail; a gnoll corpse You start resting.
HP restored.
Unknown command.
There is a stone staircase leading down here.
You climb downwards.
A ball python comes into view.
The ball python hisses angrily.
The ball python barely misses you. The ball python closely misses you.
The ball python bites you. The ball python misses you.
There is a stone staircase leading up here.
You hit the ball python.
You kill the ball python!
No target in view!
You open the door.
A goblin comes into view. It is wielding a +0 dagger.
The goblin shouts!
A goblin is nearby!
A goblin is nearby!
The goblin hits you but does no damage.
You closely miss the goblin. Your kick misses the goblin.
The goblin hits you with a +0 dagger. The goblin barely misses you.
You barely miss the goblin. Your kick misses the goblin.
The goblin hits you but does no damage.
You barely miss the goblin. You claw the goblin.
You kill the goblin!
No target in view!
Things that are here:
a +0 dagger; a goblin corpse An adder and a giant cockroach come into view.
The adder hisses angrily.
There are monsters nearby!
There are monsters nearby!
You hit the giant cockroach but do no damage.
Your kick misses the giant cockroach.
The giant cockroach bites you but does no damage. x2
You closely miss the adder.
The adder bites you but does no damage. x2
You slash the adder!
You kill the adder!
The giant cockroach closely misses you.
You hit the giant cockroach but do no damage.
You claw the giant cockroach, but do no damage.
The giant cockroach closely misses you.
You riposte.
You closely miss the giant cockroach.
You hit the giant cockroach but do no damage.
You claw the giant cockroach.
The giant cockroach is moderately wounded.
The giant cockroach bites you but does no damage. x2
Your scale mail prevents you from hitting the giant cockroach.
You claw the giant cockroach, but do no damage.
The giant cockroach is moderately wounded.
The giant cockroach bites you.
You slash the giant cockroach!
You kill the giant cockroach!
No target in view!
HP restored.
A ball python comes into view.
The ball python hisses angrily.
A ball python is nearby!
A ball python is nearby!
A hobgoblin comes into view.
The hobgoblin shouts!
You hear a shout!
You hit the ball python.
The ball python is heavily wounded.
The ball python bites you but does no damage.
The ball python grabs you. The ball python constricts you.
You barely miss the ball python. You claw the ball python.
You kill the ball python!
You slash the hobgoblin!
You kill the hobgoblin!
No target in view!
No target in view!
A kobold comes into view. It is wielding a +0 dagger.
A kobold is nearby!
A kobold is nearby!
A kobold is nearby!
The kobold hits you with a +0 dagger.
Your scale mail prevents you from hitting the kobold.
You claw the kobold, but do no damage. The kobold hits you with a +0 dagger.
You closely miss the kobold. Your kick misses the kobold.
The kobold closely misses you. The kobold barely misses you.
You hit the kobold.
The kobold is severely wounded.
The kobold barely misses you.
You barely miss the kobold.
The kobold is severely wounded.
The kobold barely misses you.
You barely miss the kobold. Your kick misses the kobold.
The kobold is severely wounded.
The kobold hits you but does no damage.
You barely miss the kobold.
The kobold is severely wounded.
The kobold barely misses you.
You riposte.
You completely miss the kobold. Your kick misses the kobold.
The kobold is severely wounded.
You hit the kobold.
You kill the kobold!
No target in view!
Found a stone staircase leading down.
Things that are here:
a +0 dagger; 2 stones
Found a stone staircase leading down.
A kobold is nearby!
The kobold shouts!
The kobold throws a stone.
The stone hits you but does no damage.
The kobold hits you with a +3 short sword.
You slash the kobold!
You kill the kobold!
No target in view!
Items here: ( ) [ †.
j - a +3 short sword
j - a +3 short sword (weapon)
k - a +0 ring mail You start removing your armour.
You continue taking off your +0 scale mail. x4
You finish taking off your +0 scale mail.
You start putting on your armour.
You continue putting on your +0 ring mail. x5
You finish putting on your +0 ring mail.
The gnoll shouts!
A gnoll is nearby!
A gnoll is nearby!
A gnoll is nearby!
A gnoll is nearby!
Press: ? - help, v - describe, . - travel
Here: a gnoll, wielding a +2 halberd of flaming The floor.
Unknown command.
Things that are here:
7 stones; a kobold corpse You barely miss the gnoll.
The gnoll closely misses you.
You barely miss the gnoll. You claw the gnoll, but do no damage.
The gnoll hits you with a +2 halberd of flaming.
The gnoll burns you.
You hit the gnoll.
The gnoll is moderately wounded.
The gnoll barely misses you.
You closely miss the gnoll. Your kick misses the gnoll.
The gnoll is moderately wounded.
The gnoll hits you with a +2 halberd of flaming.
The gnoll burns you.
You hit the gnoll. Your kick misses the gnoll.
The gnoll is severely wounded.
The gnoll hits you with a +2 halberd of flaming.
* * * LOW HITPOINT WARNING * * *
The gnoll burns you.
* * * LOW HITPOINT WARNING * * *
You barely miss the gnoll.
The gnoll is severely wounded.
The gnoll barely misses you.
You hit the gnoll.
The gnoll is almost dead.
You hear a shout!
The gnoll hits you with a +2 halberd of flaming!
You die...

.#.#.#.#.##....# #.......#
.#.#.#.#.##....# #.......#
.#.#...#.#.....# #.......#
.#.#####.#.....# #.......#
.#.......#.....# #.......#
.#.#####.##...)###########.#####
.#.#...#......#................#
.#.#.#.#..#####.##########.....##
.#.#.#.#........@........'.....+.
.#...#.#.......g##########.....##
.#####.#.#######.....>####.....+.
.......#............g..........##
.#####.#.#######.####.###......##
#...#.#.....>.#.#...............
#.#.#.#.........##/..##.........
#.#.#.#.#####.#########.........
#.#...#.........................


You could see a gnoll.

Vanquished Creatures
  A gnoll (D:1)
  2 adders (D:2)
  4 endoplasms
  2 giant cockroaches (D:2)
  5 hobgoblins
  2 kobolds (D:2)
  A quokka (D:1)
  4 ball pythons
  2 bats
  A frilled lizard (D:1)
  4 goblins
  4 rats
32 creatures vanquished.

Notes
Turn   | Place    | Note
-------+----------+-------------------------------------------
     0 | D:1      | sleeves the Demonspawn Fighter began the quest for the Orb.
     0 | D:1      | Reached XP level 1. HP: 18/18 MP: 1/1
    96 | D:1      | Reached skill level 2 in Long Blades
   431 | D:1      | Gained mutation: You regenerate a little health from kills.
                  | [demonic ancestry]
   431 | D:1      | Reached XP level 2. HP: 21/24 MP: 2/2
  1010 | D:2      | HP: 7/24 [hobgoblin (6)]
  1013 | D:2      | HP: 3/24 [hobgoblin (4)]
  1384 | D:1      | HP: 10/24 [worm (5)]
  1656 | D:2      | Reached skill level 3 in Long Blades
  1808 | D:2      | Gained mutation: You have sharp toenails. [demonic
                  | ancestry]
  1808 | D:2      | Reached XP level 3. HP: 29/29 MP: 3/3
  1879 | D:1      | HP: 11/29 [gnoll/+0 flail (7)]
  2299 | D:2      | HP: 14/29 [gnoll/+2 halberd of flaming (4)]
  2301 | D:2      | Slain by a gnoll

Illustrated notes

Levels and vault maps discovered:
D:1:      ncdulo_halloftheorcs, layout_basic, serial_bayou_ford_a
D:2:      layout_basic, roderic_lattice_a, minmay_hedge_maze

Skill      XL: |  1  2 |
---------------+-------+-----
Long Blades    | 2 3 |  3.8
Fighting       | |  3.0
Armour         | |  2.6
Shields        | |  2.6

Action                   || total
-------------------------++-------
Melee: Long sword        ||    75
       Kick              ||     8
       Short sword       ||     7
Armor: Scale mail        ||    34
Dodge: Dodged            ||    34
       Rpst.: Long sword ||     6

Table legend: (Time is in decaauts)
 A = Elapsed time spent in this place.
 B = Non-inter-level travel time spent in this place.
 C = Inter-level travel time spent in this place.
 D = Time resting spent in this place.
 E = Time spent auto-exploring this place.
 F = Levels seen in this place.
 G = Mean time per level.
                   A        B        C        D        E       F      G
               +--------+--------+--------+--------+--------+-----+--------+
         Total |   2330 |   2177 |    153 |    397 |   1486 |   2 | 1165.0 |
       Dungeon |   2330 |   2177 |    153 |    397 |   1486 |   2 | 1165.0 |
               +--------+--------+--------+--------+--------+-----+--------+

Top non-repeatable levels by time:
     D:1: 1766 daAuts
     D:2: 563 daAuts
